 Dungeon Crawl Stone Soup version 0.29.1-1-gd02db6906a (webtiles) character file.

Game seed: 16343160787324879174

1162 Aibolit the Trooper (level 8, -1/71 HPs)
             Began as a Hill Orc Fighter on Oct 8, 2022.
             Was an Initiate of Okawaru.
             Slain by an ogre
             ... wielding a +0 giant club
              (16 damage)
             ... on level 5 of the Dungeon.
             The game lasted 00:09:18 (5946 turns).

Aibolit the Trooper (Hill Orc Fighter)              Turns: 5946, Time: 00:09:18

Health: -1/71      AC: 14    Str: 21    XL:     8   Next: 40%
Magic:  8/8        EV:  7    Int:  8    God:    Okawaru [......]
Gold:   283        SH:  5    Dex: 10    Spells: 7/7 levels left

rFire   . . .      SeeInvis .   a - +0 war axe
rCold   . . .      Faith    .   c - +0 buckler
rNeg    . . .      Spirit   .   i - +0 chain mail
rPois   .          Reflect  .   p - +0 helmet
rElec   .          Harm     .   d - +2 cloak {Will+}
rCorr   .          Rampage  .   (no gloves)
Will    +....                   (no boots)
Stlth   ..........              (no amulet)
HPRegen 0.21/turn               (no ring)
MPRegen 0.11/turn               (no ring)

@: very slow
A: no striking features
a: Renounce Religion


You were on level 5 of the Dungeon.
You worshipped Okawaru.
Okawaru was noncommittal.
You visited 2 branches of the dungeon, and saw 6 of its levels.

You collected 283 gold pieces.

Inventory:

Hand Weapons
 a - a +0 war axe (weapon)
Armour
 c - a +0 buckler (worn)
 d - a +2 cloak of willpower (worn)
 i - a +0 chain mail (worn)
 p - a +0 helmet (worn)
Wands
 k - a wand of flame (45)
Scrolls
 b - a scroll of summoning {unknown}
 f - 5 scrolls of amnesia
 g - a scroll of silence {unknown}
 h - a scroll of poison {unknown}
 j - 2 scrolls of teleportation
 l - 2 scrolls of blinking {unknown}
 m - a scroll of enchant armour {unknown}
 r - a scroll of fog {unknown}
 s - 5 scrolls of identify {unknown}
 t - a scroll of noise {unknown}
Potions
 e - a potion of haste {unknown}
 n - 2 potions of lignification {unknown}
 o - 3 potions of curing {unknown}
 q - a potion of attraction {unknown}
 u - a potion of heal wounds {unknown}
 v - 2 potions of might
 w - a potion of brilliance {unknown}


   Skills:
 + Level 6.8 Fighting
 + Level 6.8 Axes
 + Level 6.2 Armour
 + Level 6.2 Shields


You had 7 spell levels left.
You didn't know any spells.
Your spell library contained the following spells:

 Spells                   Type           Power      Damage    Failure   Level
 Poisonous Vapours        Pois/Air       0%         N/A       100%        2
 Conjure Flame            Conj/Fire      0%         6-21      100%        3
 Ignite Poison            Fire/Tmut/Pois 0%         N/A       100%        3
 Portal Projectile        Hex/Tloc       0%         N/A       100%        3
 Corpse Rot               Necr/Pois/Air  0%         N/A       100%        4
 Sticky Flame             Conj/Fire      0%         2d3       100%        4
 Blade Hands              Tmut           0%         N/A       100%        5
 Fireball                 Conj/Fire      0%         3d3       100%        5
 Starburst                Conj/Fire      0%         6d3       100%        6
 Ignition                 Fire           0%         3d3       100%        8
 Tukima's Dance           Hex            Unusable   N/A       N/A         3

Dungeon Overview and Level Annotations

Branches:
Dungeon (5/15)             Temple (1/1) D:5

Altars:
Cheibriados
Dithmenos
Elyvilon
Fedhas
Hepliaklqana
Kikubaaqudgha
Okawaru
Qazlal
Sif Muna
Trog
Uskayaw
Vehumet
Wu Jian
Xom
Yredelemnul
The Shining One

Shops:
D:1 :*

Annotations:
D:5 2 transporters, catfood's ghost, novice SpBr


Message History

There are no items here.
Found 3 scrolls labelled GEM WUDUZU.
f - 5 scrolls of amnesia (gained 1)
There are no items here.
Found a stone staircase leading down.
The kobold shouts!
s - 5 scrolls labelled GEM WUDUZU (gained 3)
There are no items here.
Found a murky golden potion.
o - 3 murky golden potions (gained 1)
An ogre comes into view. It is wielding a +0 giant club.
The ogre hits you with a +0 giant club!!
You barely miss the ogre. The ogre hits you but does no damage.
You hit the ogre but do no damage. The ogre barely misses you.
You slash the ogre!
The ogre is heavily wounded.
An ogre comes into view. It is wielding a +0 giant club.
The ogre hits you with a +0 giant club!
The ogre shouts!
You hit the ogre.
The ogre is heavily wounded.
You slice the ogre!!
You kill the ogre!
Okawaru accepts your kill.
You barely miss the ogre.
The ogre hits you with a +0 giant club!!
You are too injured to fight recklessly!
You are too injured to fight recklessly!
You are too injured to fight recklessly!
You are too injured to fight recklessly!
You are too injured to fight recklessly!
You are too injured to fight recklessly!
The ogre attacks as you move away! The ogre hits you with a +0 giant club!
* * * LOW HITPOINT WARNING * * *
The ogre attacks as you move away! You block the ogre's attack.
The ogre attacks as you move away! You block the ogre's attack.
You hit the ogre.
The ogre is lightly wounded.
The ogre hits you with a +0 giant club!
You die...

.......## .# .......##
#.## . #.
##..#...##K..x.x##.# #
##......#x# .#... .#
##.....#.. ...### ..#
#.....## ####.##.###..#
##.....###..###.......#
#....................#
#...........@O...)...#
##.........##..##.####
#.#.##...##..## .#
#.#.##.#>...## .#
##+#.##.###### .#
#....##.. .. #....####
## #....# #....#


You could see an ogre and a small abomination.

Vanquished Creatures
  Eustachio (D:4)
  2 ogres
  A phantom (D:4)
  A necrophage (D:4)
  4 scorpions
  A quasit (D:4)
  3 orc priests
  A hound (D:5)
  Crazy Yiuf (D:2)
  An iguana (D:4)
  Jessica (D:2)
  2 orc wizards
  A mummy (D:4)
  Robin (D:2)
  6 adders
  A shadow imp (D:4)
  2 white imps
  2 ufetubi
  A worm (D:3)
  2 dart slugs (D:4)
  10 orcs
  7 ball pythons
  6 bats
  5 endoplasms
  3 giant cockroaches
  15 goblins
  11 hobgoblins
  8 kobolds
  4 quokkas
  4 frilled lizards
  A rat (D:2)
109 creatures vanquished.

Vanquished Creatures (others)
  4 demonic plants (D:4)
4 creatures vanquished.

Grand Total: 113 creatures vanquished

Notes
Turn   | Place    | Note
-------+----------+-------------------------------------------
     0 | D:1      | Aibolit the Hill Orc Fighter began the quest for the Orb.
     0 | D:1      | Reached XP level 1. HP: 19/19 MP: 1/1
   200 | D:1      | Reached XP level 2. HP: 27/27 MP: 2/2
   292 | D:1      | Found a faded altar of an unknown god.
   324 | D:1      | Found Guyfroug's Book Boutique.
   558 | D:1      | Found Xupsepsu's Assorted Antiques.
  1143 | D:2      | Noticed Jessica
  1149 | D:2      | Killed Jessica
  1150 | D:2      | Reached XP level 3. HP: 22/33 MP: 3/3
  1368 | D:2      | Reached XP level 4. HP: 31/40 MP: 4/4
  1795 | D:2      | Found a runed translucent door.
  1796 | D:2      | Noticed Crazy Yiuf
  1804 | D:2      | Killed Crazy Yiuf
  1983 | D:2      | Noticed Robin
  2004 | D:2      | Killed Robin
  2005 | D:2      | Reached XP level 5. HP: 42/47 MP: 5/5
  2764 | D:3      | Found a basalt altar of Yredelemnul.
  2988 | D:3      | Reached skill level 5 in Fighting
  2993 | D:3      | Reached XP level 6. HP: 24/56 MP: 6/6
  3464 | D:4      | Reached skill level 5 in Axes
  3541 | D:4      | Found a snail-covered altar of Cheibriados.
  3549 | D:4      | Reached skill level 5 in Armour
  3551 | D:4      | Became a worshipper of Cheibriados the Contemplative
  3589 | D:4      | Reached skill level 5 in Shields
  3589 | D:4      | Reached XP level 7. HP: 50/61 MP: 7/7
  3593 | D:4      | Found a bloodstained altar of Trog.
  3593 | D:4      | Found a shimmering altar of Xom.
  4145 | D:4      | Noticed Eustachio
  4184 | D:4      | Killed Eustachio
  4185 | D:4      | Reached XP level 8. HP: 49/71 MP: 8/8
  4392 | D:4      | Reached * piety under Cheibriados
  5057 | D:5      | Entered Level 5 of the Dungeon
  5058 | D:5      | Found a transporter.
  5060 | D:5      | Found a transporter.
  5118 | D:5      | Found a staircase to the Ecumenical Temple.
  5195 | Temple   | Entered the Ecumenical Temple
  5809 | Temple   | Fell from the grace of Cheibriados
  5809 | Temple   | Became a worshipper of Warmaster Okawaru
  5908 | D:5      | Noticed catfood's ghost (novice SpBr)
  5946 | D:5      | Slain by an ogre

Illustrated notes

Levels and vault maps discovered:
D:1:      lemuel_arrival_room, layout_loops_corners, serial_shops,
          nicolae_shop_overgrown_old_shop, shop, ebering_ecumenical_altar_rust
D:2:      layout_basic, uniq_crazy_yiuf_cottage, uniq_jessica, uniq_robin
D:3:      layout_loops_cross, old_standard_altar
D:4:      layout_basic, jmf_multi_god_temple, chei_slow_surprise,
          serial_demonic, serial_demonic_e, serial_demonic_e, serial_demonic_f,
          serial_demonic_c, grunt_ministairs_9, kennysheep_opposing_triangles,
          uniq_eustachio
D:5:      layout_basic, nemelex_xobeh_ov_fountains_minmay,
          minmay_temple_entry_grid, gammafunk_ghost_abyssal_escape,
          serial_park_tiny_pond, uniq_blork_the_orc, uniq_sigmund
Temple:   minmay_temple_forest_path

Skill      XL: |  1  2  3  4  5  6  7  8 |
---------------+-------------------------+-----
Axes           | 3 4 5 6 |  6.8
Fighting       | 4 5 6 |  6.8
Armour         | 4 5 6 |  6.2
Shields        | 4 5 6 |  6.2

Action                   |  1- 3 |  4- 6 |  7- 9 || total
-------------------------+-------+-------+-------++-------
Melee: War axe           |    63 |   166 |   151 ||   380
  Use: Scroll            |     1 |     1 |       ||     2
       Potion            |       |     1 |       ||     1
Armor: Scale mail        |    20 |       |       ||    20
       Chain mail        |     8 |   118 |   113 ||   239
Dodge: Dodged            |    29 |    56 |    69 ||   154
Block: Buckler           |    14 |    35 |    44 ||    93
